 Dungeon Crawl Stone Soup version 0.30.0-5-g1a98f26d00 (webtiles) character file.

Game seed: 9877929483257727383

1799 Ijustatesigmund the Ducker (level 9, -18/69 HPs)
             Began as a Gnoll Gladiator on May 11, 2023.
             Killed from afar by a steam dragon (19 damage)
             ... with a ball of steam
             ... on level 6 of the Dungeon.
             The game lasted 00:11:14 (6772 turns).

Ijustatesigmund the Ducker (Gnoll Gladiator)        Turns: 6772, Time: 00:11:14

Health: -18/69     AC:  7    Str: 19    XL:     9   Next: 9%
Magic:  15/15      EV: 15    Int: 12    God:
Gold:   377        SH:  0    Dex: 13    Spells: 15/16 levels left

rFire   . . .        k - +0 battleaxe
rCold   . . .        (shield currently unavailable)
rNeg    + . .        b - +0 leather armour
rPois   .            c - +1 helmet
rElec   +            s - +1 cloak
rCorr   .            (no gloves)
SInv    .            (no boots)
Will    +....        (no amulet)
Stlth   ++           f - ring of Beigraug {rN+ Will+ Str+5}
HPRegen 0.31/turn    (no ring)
MPRegen 0.14/turn

%: no passive effects
@: no status effects
A: fangs 1, strong nose, distributed training, sense surroundings 1, electricity
resistance
a: no special abilities


You were on level 6 of the Dungeon.
You visited 2 branches of the dungeon, and saw 8 of its levels.

You collected 377 gold pieces.

Inventory:

Hand Weapons
 a - a +0 war axe
 k - a +0 battleaxe (weapon)
Missiles
 d - 2 throwing nets (quivered)
 e - 6 javelins
 j - 2 curare-tipped darts
Armour
 b - a +0 leather armour (worn)
 c - a +1 helmet (worn)
 s - a +1 cloak (worn)
Jewellery
 f - the ring of Beigraug (left hand) {rN+ Will+ Str+5}
   (You acquired it on level 4 of the Dungeon)

   [ring of positive energy]

   Str:       It affects your strength (+5).
   rN:        It protects you from negative energy.
   Will:      It increases your willpower.
 o - a +4 ring of protection
 q - a ring of fire
Wands
 n - a wand of polymorph (7)
 t - a wand of paralysis (7)
Scrolls
 h - 7 scrolls of identify
 l - 2 scrolls of teleportation
 r - 2 scrolls of enchant weapon {unknown}
 v - a scroll of vulnerability {unknown}
 w - a scroll of amnesia
 x - a scroll of fear {unknown}
Potions
 g - 3 potions of brilliance
 i - a potion of magic
 m - a potion of haste
 p - 2 potions of resistance
 u - a potion of attraction


   Skills:
 + Level 6.2 Fighting
 + Level 4.0 Short Blades
 + Level 4.0 Long Blades
 + Level 7.8 Axes
 + Level 4.0 Maces & Flails
 + Level 4.0 Polearms
 + Level 4.0 Staves
 + Level 4.0 Ranged Weapons
 + Level 6.2 Throwing
 + Level 4.0 Armour
 + Level 7.8 Dodging
 + Level 4.0 Stealth
 + Level 4.0 Shields
 + Level 4.0 Unarmed Combat
 + Level 4.0 Spellcasting
 + Level 3.3 Conjurations
 + Level 3.3 Hexes
 + Level 3.3 Summonings
 + Level 3.3 Necromancy
 + Level 3.3 Translocations
 + Level 3.3 Transmutations
 + Level 3.3 Fire Magic
 + Level 3.3 Ice Magic
 + Level 3.3 Air Magic
 + Level 3.3 Earth Magic
 + Level 3.3 Poison Magic
 + Level 4.4 Invocations
 + Level 4.0 Evocations


You had 15 spell levels left.
You knew the following spells:

 Your Spells              Type           Power      Damage    Failure   Level
a - Magic Dart            Conj           40%        1d5       6%          1

Your spell library contained the following spells:

 Spells                   Type           Power      Damage    Failure   Level
 Freeze                   Ice            40%        1d6       6%          1
 Necrotise                Necr           40%        1d6       6%          1
 Ensorcelled Hibernation  Hex/Ice        20%        N/A       10%         2
 Passwall                 Tmut/Erth      8%         N/A       10%         2
 Searing Ray              Conj           20%        2d5       10%         2
 Frozen Ramparts          Ice            20%        1d4       19%         3
 Hailstorm                Conj/Ice       10%        3d5       19%         3
 Spider Form              Tmut/Pois      10%        N/A       19%         3
 Swiftness                Air            10%        N/A       19%         3
 Tukima's Dance           Hex            10%        N/A       19%         3
 Vampiric Draining        Necr           10%        2d6       19%         3
 Vhi's Electric Charge    Tloc/Air       20%        N/A       19%         3
 Anguish                  Hex/Necr       5%         N/A       54%         4
 Fulminant Prism          Conj/Hex       5%         3d7       54%         4
 Olgreb's Toxic Radiance  Pois           10%        N/A       54%         4
 Passage of Golubria      Tloc           10%        N/A       54%         4
 Agony                    Necr           10%        N/A       87%         5
 Arcjolt                  Conj/Air       5%         1d15      87%         5
 Yara's Violent Unravell  Hex/Tmut       5%         3d4       87%         5
 Discord                  Hex            5%         N/A       100%        8
 Ignition                 Fire           5%         3d4       100%        8
 Maxwell's Capacitive Co  Air            5%         ∞         100%        8


Dungeon Overview and Level Annotations

Branches:
Dungeon (7/15)             Temple (1/1) D:5

Altars:
Ashenzari
Cheibriados
Dithmenos
Fedhas
Gozag
Hepliaklqana
Kikubaaqudgha
Nemelex Xobeh
Qazlal
Ru
Sif Muna
Trog
Uskayaw
Wu Jian
Xom
Yredelemnul
Zin
The Shining One


Innate Abilities, Weirdness & Mutations

You have very sharp teeth.
Your uncanny sense of smell can sniff out nearby items.
Your experience applies equally to all skills.
You passively map a small area around you.
You are resistant to electric shocks. (rElec)


Message History

No target in view!
No target in view!
No target in view!
The steam dragon breathes steam at you. The ball of steam misses you.
You are engulfed in a cloud of scalding steam.
The steam dragon bites you!
The steam dragon claws you but does no damage.
You hit the steam dragon but do no damage.
You bite the steam dragon, but do no damage.
The steam dragon misses you. The steam dragon claws you.
The steam dragon breathes steam at you. The ball of steam hits you!!
You are too injured to fight recklessly!
You are too injured to fight recklessly!
You are too injured to fight recklessly!
You are too injured to fight recklessly!
You are too injured to fight recklessly!
You are too injured to fight recklessly!
You are too injured to fight recklessly!
You are too injured to fight recklessly!
You are too injured to fight recklessly!
Okay, then.
You closely miss the steam dragon.
You are engulfed in a cloud of scalding steam.
* * * LOW HITPOINT WARNING * * *
The steam dragon bites you but does no damage.
The steam dragon claws you but does no damage.
You barely miss the steam dragon. The steam dragon misses you.
The steam dragon barely misses you.
Okay, then.
You barely miss the steam dragon. The steam dragon bites you!
* * * LOW HITPOINT WARNING * * *
The steam dragon claws you but does no damage.
The steam dragon misses you.
The steam dragon claws you but does no damage.
You barely miss the steam dragon. The steam dragon breathes steam at you.
The ball of steam hits you!!
You die...

....# ##...#####.......,
....# #.................
....# #.................
....###.................
* *
............§..........
.........<...........# *
.....[.........§.....#
##+#.................# ,
#.#.....##...§.@....# *
#........'......D...#* ,
##########...<......# *
#..........+,, , ,
#..........# *
#.....$....#
#..........# ,
##'#+##.#### * * *


You could see a steam dragon (catching breath).

Vanquished Creatures
  2 yaks (D:7)
  Menkaure (D:4)
  A water moccasin (D:5)
  2 ice beasts
  2 black bears (D:5)
  An ogre (D:6)
  A phantom (D:5)
  2 bullfrogs (D:6)
  4 scorpions
  A howler monkey (D:6)
  2 jellies
  A hound (D:5)
  3 iguanas
  Natasha (twice) (D:4)
  Robin (D:2)
  7 adders
  2 white imps (D:6)
  2 worms (D:4)
  3 dart slugs
  2 orcs
  8 endoplasms
  2 giant cockroaches
  13 goblins
  7 hobgoblins
  2 jackals (D:4)
  13 kobolds
  6 quokkas
  13 ball pythons
  8 bats
  2 frilled lizards
  4 rats
120 creatures vanquished.

Notes
Turn   | Place    | Note
-------+----------+-------------------------------------------
     0 | D:1      | Ijustatesigmund the Gnoll Gladiator began the quest for the
                  | Orb.
     0 | D:1      | Reached XP level 1. HP: 20/20 MP: 1/1
   101 | D:1      | Reached XP level 2. HP: 15/26 MP: 2/2
   391 | D:1      | Found a faded altar of an unknown god.
   457 | D:1      | Reached XP level 3. HP: 31/31 MP: 3/3
   819 | D:2      | Noticed Robin
   826 | D:2      | Reached skill level 1 in Invocations
   827 | D:2      | Killed Robin
   828 | D:2      | Reached skill level 1 in Short Blades
   828 | D:2      | Reached skill level 1 in Long Blades
   828 | D:2      | Reached skill level 1 in Maces & Flails
   828 | D:2      | Reached skill level 1 in Polearms
   828 | D:2      | Reached skill level 1 in Staves
   828 | D:2      | Reached skill level 1 in Ranged Weapons
   828 | D:2      | Reached skill level 1 in Armour
   828 | D:2      | Reached skill level 1 in Stealth
   828 | D:2      | Reached skill level 1 in Shields
   828 | D:2      | Reached skill level 1 in Unarmed Combat
   828 | D:2      | Reached skill level 1 in Spellcasting
   828 | D:2      | Reached skill level 1 in Evocations
   937 | D:2      | Reached XP level 4. HP: 37/38 MP: 5/5
  1019 | D:2      | Reached skill level 1 in Conjurations
  1019 | D:2      | Reached skill level 1 in Hexes
  1019 | D:2      | Reached skill level 1 in Summonings
  1019 | D:2      | Reached skill level 1 in Necromancy
  1019 | D:2      | Reached skill level 1 in Translocations
  1019 | D:2      | Reached skill level 1 in Transmutations
  1019 | D:2      | Reached skill level 1 in Fire Magic
  1019 | D:2      | Reached skill level 1 in Ice Magic
  1019 | D:2      | Reached skill level 1 in Air Magic
  1019 | D:2      | Reached skill level 1 in Earth Magic
  1019 | D:2      | Reached skill level 1 in Poison Magic
  1879 | D:3      | Reached XP level 5. HP: 38/43 MP: 7/7
  2260 | D:3      | Found an ancient bone altar of Kikubaaqudgha.
  2301 | D:3      | Identified the +1 dagger "Killer Bee's Regret" {antimagic,
                  | *Corrode rPois rC+ Dex+2}
  2398 | D:3      | Learned a level 1 spell: Magic Dart
  3167 | D:4      | Reached XP level 6. HP: 50/50 MP: 8/8
  3173 | D:4      | Found a sacrificial altar of Ru.
  3173 | D:4      | Found a blossoming altar of Fedhas.
  3201 | D:4      | Noticed Menkaure
  3209 | D:4      | Killed Menkaure
  3210 | D:4      | Reached skill level 5 in Fighting
  3210 | D:4      | Reached skill level 5 in Throwing
  3342 | D:4      | Noticed Natasha
  3346 | D:4      | Killed Natasha
  3433 | D:4      | Noticed an ice beast
  3440 | D:4      | Killed an ice beast
  3441 | D:4      | Reached XP level 7. HP: 29/56 MP: 10/10
  3614 | D:4      | Noticed Natasha
  3623 | D:4      | Killed Natasha
  3743 | D:4      | Gained mutation: You sometimes lose your temper in combat.
                  | [potion of mutation]
  3743 | D:4      | Gained mutation: You are resistant to electric shocks.
                  | (rElec) [potion of mutation]
  4043 | D:4      | Identified a scroll of acquirement
  4043 | D:4      | Acquired the ring of Beigraug {rN+ Will+ Str+5}
  4080 | D:5      | Entered Level 5 of the Dungeon
  4216 | D:5      | Lost mutation: You sometimes lose your temper in combat.
                  | [potion of mutation]
  4216 | D:5      | Lost mutation: You are resistant to electric shocks.
                  | (rElec) [potion of mutation]
  4216 | D:5      | Gained mutation: You are resistant to electric shocks.
                  | (rElec) [potion of mutation]
  4216 | D:5      | Gained mutation: You passively map a small area around you.
                  | [potion of mutation]
  4224 | D:5      | Found a staircase to the Ecumenical Temple.
  4262 | Temple   | Entered the Ecumenical Temple
  4335 | D:5      | Reached XP level 8. HP: 63/63 MP: 12/12
  4345 | D:5      | Found a broken altar of Ashenzari.
  4382 | D:5      | Found an opulent altar of Gozag.
  4751 | D:5      | Found an ornate altar of the Wu Jian Council.
  5090 | D:5      | Found a glowing golden altar of the Shining One.
  6203 | D:6      | Noticed a yak
  6203 | D:6      | Noticed a yak
  6205 | D:6      | Noticed a yak
  6217 | D:6      | Noticed a yak
  6217 | D:6      | Noticed a yak
  6225 | D:7      | Killed a yak
  6226 | D:7      | Reached XP level 9. HP: 33/69 MP: 14/14
  6771 | D:6      | HP: 1/69 [steam dragon (8)]
  6772 | D:6      | Killed from afar by a steam dragon

Illustrated notes

Levels and vault maps discovered:
D:1:      reono_arrival_mine, layout_basic,
          shapermc_ecumenical_altar_mp_urbaneastern, serial_bayou_lagoon_a
D:2:      layout_basic, item_on_display_a, uniq_robin
D:3:      minmay_skewed_foursquare, layout_basic, lemuel_doored_altar
D:4:      layout_rooms, mainiacjoe_overflow_divided_tiny,
          minmay_fractal_squares_gapless_5, uniq_natasha, uniq_menkaure
D:5:      layout_cave_pools, lemuel_tele_altar,
          mainiacjoe_overflow_catch_the_wave, grunt_gozag_breadcrumbs,
          temple_pool_b, minmay_misc_feat_ornament
D:6:      layout_basic, nicolae_vehumet_altar_sigil
D:7:      layout_gridville
Temple:   nicolae_temple_ecumenical_triangle

Skill      XL: |  1  2  3  4  5  6  7  8  9 |
---------------+----------------------------+-----
Invocations    | 1 2 3 4 |  4.4
Short Blades   | 1 2 3 4 |  4.0
Long Blades    | 1 2 3 4 |  4.0
Maces & Flails | 1 2 3 4 |  4.0
Polearms       | 1 2 3 4 |  4.0
Staves         | 1 2 3 4 |  4.0
Ranged Weapons | 1 2 3 4 |  4.0
Armour         | 1 2 3 4 |  4.0
Stealth        | 1 2 3 4 |  4.0
Shields        | 1 2 3 4 |  4.0
Unarmed Combat | 1 2 3 4 |  4.0
Spellcasting   | 1 2 3 4 |  4.0
Evocations     | 1 2 3 4 |  4.0
Conjurations   | 1 2 3 |  3.3
Hexes          | 1 2 3 |  3.3
Summonings     | 1 2 3 |  3.3
Necromancy     | 1 2 3 |  3.3
Translocations | 1 2 3 |  3.3
Transmutations | 1 2 3 |  3.3
Fire Magic     | 1 2 3 |  3.3
Ice Magic      | 1 2 3 |  3.3
Air Magic      | 1 2 3 |  3.3
Earth Magic    | 1 2 3 |  3.3
Poison Magic   | 1 2 3 |  3.3
Fighting       | 5 6 |  6.2
Throwing       | 5 6 |  6.2
Axes           | 7 |  7.8
Dodging        | 7 |  7.8

Action                     |  1- 3 |  4- 6 |  7- 9 || total
---------------------------+-------+-------+-------++-------
  Melee: War axe           |   106 |   123 |       ||   229
         Bite              |     6 |     6 |    16 ||    28
         Punch             |     3 |     2 |       ||     5
         Battleaxe         |       |     5 |   153 ||   158
  Throw: Dart              |       |     2 |     3 ||     5
         Throwing net      |       |       |     3 ||     3
   Cast: Magic Dart        |       |       |     1 ||     1
  Evoke: Wand              |       |       |     2 ||     2
    Use: Potion            |       |     1 |     8 ||     9
         Scroll            |       |     6 |     5 ||    11
   Stab: Sleeping          |     1 |     2 |     1 ||     4
         Distracted        |     1 |       |     1 ||     2
         Paralysed         |       |       |     2 ||     2
         Held in net/web   |       |       |     1 ||     1
 Armour: Leather armour    |    40 |    37 |    60 ||   137
         Skin              |     7 |       |    14 ||    21
  Dodge: Dodged            |    95 |   100 |   166 ||   361
